 Dungeon Crawl Stone Soup version 0.22.1-1-ga44c0e56f4 (webtiles) character file.

54948 PikkenKukken the Lord of Darkness (level 14, 0/108 HPs)
             Began as a Demonspawn Necromancer on Oct 7, 2018.
             Was the Champion of Kikubaaqudgha.
             Slain by an orc warlord
             ... wielding a +1 great sword of flaming
              (26 damage)
             ... on level 2 of the Orcish Mines on Nov 1, 2018.
             The game lasted 02:39:43 (26830 turns).

PikkenKukken the Lord of Darkness (DsNe)           Turns: 26830, Time: 02:39:43

Health: 0/108      AC: 27    Str: 16    XL:     14   Next: 36%
Magic:  24/26      EV: 15    Int: 23    God:    Kikubaaqudgha [******]
Gold:   1646       SH:  7    Dex: 13    Spells: 13/29 levels left

rFire    + + .     SeeInvis +   a - +2 flail (vamp)
rCold    + . .     Gourm    .   F - +2 buckler {rC+ rF+}
rNeg     . . .     Faith    .   B - +2 ring mail {rPois}
rPois    +         Spirit   .   (helmet unavailable)
rElec    +         Reflect  .   u - +2 cloak
rCorr    .         Harm     .   L - +3 pair of gauntlets of War {Slay+5}
MR       ++...                  o - +1 pair of boots
Stlth    ++++......             G - amulet of regeneration
HPRegen  1.68/turn              f - ring of Rycim {rElec MR+ Stlth+}
MPRegen  0.20/turn              Z - +3 ring of intelligence

@: mighty, sanguine armour, regenerating
A: antennae 3, camouflage 1, demonic guardian 1, fire resistance 1, powered by
pain 1, screaming 1, electricity resistance, wild magic 1, sanguine armour 2
a: Receive Corpses, Torment, Brand Weapon With Pain, Receive Necronomicon,
Renounce Religion


You were on level 2 of the Orcish Mines.
You worshipped Kikubaaqudgha.
Kikubaaqudgha was exalted by your worship.
You were not hungry.

You visited 3 branches of the dungeon, and saw 19 of its levels.
You visited the Abyss 1 time.
You also visited: Bailey, Ice Cave and Volcano.

You collected 1646 gold pieces.

Inventory:

Hand Weapons
 a - a +2 vampiric flail (weapon)
Missiles
 d - 501 stones (quivered)
Armour
 o - a +1 pair of boots (worn)
 p - a scarf of resistance
 u - a +2 cloak (worn)
 A - the +2 shield of Resistance {rF+ rC+ MR+}
   (You found it on level 7 of the Dungeon)

   It protects you from fire.
   It protects you from cold.
   It affects your resistance to hostile enchantments.
 B - a +2 ring mail of poison resistance (worn)
 F - a +2 buckler of resistance (worn)
 L - the +3 pair of gauntlets of War (worn) {Slay+5}
   (You found it on level 6 of the Lair of Beasts)

   It affects your accuracy and damage with ranged weapons and melee attacks
   (+5).
Jewellery
 e - an uncursed amulet of magic regeneration
 f - a ring of Rycim (left hand) {rElec MR+ Stlth+}
   (You found it on level 4 of the Dungeon)

   [ring of protection from magic]

   It insulates you from electricity.
   It affects your resistance to hostile enchantments.
   It makes you more stealthy.
 z - a +3 ring of strength
 G - an amulet of regeneration (around neck)
 I - a +2 amulet of reflection
 P - an uncursed amulet of guardian spirit
 W - an uncursed ring of ice
 Z - a +3 ring of intelligence (right hand)
Wands
 g - a wand of acid (3)
 h - a wand of digging (34)
 n - a wand of paralysis (14)
 t - a wand of scattershot (10)
 C - a wand of clouds (6)
 Y - a wand of disintegration (17)
Scrolls
 i - 6 scrolls of identify
 l - 12 scrolls of remove curse
 x - 3 scrolls of fog
 y - 3 scrolls of immolation
 D - 2 scrolls of amnesia
 H - a scroll of magic mapping
 K - a scroll of enchant armour
 N - 4 scrolls of teleportation
 O - 3 scrolls of enchant weapon
 R - a scroll of fear
 T - a scroll of blinking
Potions
 j - a potion of brilliance
 k - 3 potions of lignification
 m - 6 potions of curing
 r - a potion of heal wounds
 s - 2 potions of mutation
 w - a potion of agility
 S - a potion of invisibility
 V - a potion of berserk rage
Miscellaneous
 M - a lamp of fire
 Q - a lamp of fire
Comestibles
 b - 5 chunks of flesh
 c - 18 rations


   Skills:
 * Level 9.2 Fighting
 + Level 11.5(11.7) Maces & Flails
   Level 3.2(8.2) Staves
 + Level 7.9 Armour
 - Level 8.0 Dodging
 - Level 6.0 Stealth
 - Level 6.0 Shields
 - Level 8.2 Spellcasting
 - Level 1.0 Charms
 - Level 12.0 Necromancy


You had 13 spell levels left.
You knew the following spells:

 Your Spells              Type           Power        Failure   Level  Hunger
a - Dispel Undead         Necr           ######..     4%          5    #####..
b - Animate Skeleton      Necr           N/A          1%          1    None
c - Vampiric Draining     Necr           ######....   1%          3    None
d - Regeneration          Chrm/Necr      ######....   4%          3    None
e - Animate Dead          Necr           N/A          1%          4    ##.....

Your spell library contained the following spells:

 Spells                   Type           Power        Failure   Level  Hunger
 Pain                     Necr           ####         1%          1    None
 Corpse Rot               Necr           N/A          1%          2    None
 Sublimation of Blood     Necr           ######....   1%          2    None
 Confusing Touch          Hex            ##....       17%         1    None
 Freeze                   Ice            ##..         17%         1    None
 Death Channel            Necr           ######....   19%         6    ######.
 Passwall                 Tmut/Erth      ##......     26%         2    None
 Sticks to Snakes         Tmut           ##......     26%         2    None
 Excruciating Wounds      Chrm/Necr      ######....   30%         5    #####..
 Ozocubu's Armour         Chrm/Ice       ###.....     36%         3    None
 Confuse                  Hex            ##......     43%         3    None
 Gell's Gravitas          Tloc           ##........   43%         3    None
 Recall                   Summ/Tloc      N/A          43%         3    None
 Petrify                  Tmut/Erth      ##......     82%         4    ##.....
 Throw Icicle             Conj/Ice       ##......     82%         4    ##.....
 Simulacrum               Ice/Necr       #####.....   88%         6    ######.
 Alistair's Intoxication  Tmut/Pois      ##......     98%         5    #####..
 Irradiate                Conj/Tmut      ##........   98%         5    #####..
 Metabolic Englaciation   Hex/Ice        ##........   98%         5    #####..
 Yara's Violent Unravell  Hex/Tmut       ##........   98%         5    #####..
 Bolt of Cold             Conj/Ice       ##........   100%        6    ######.


Dungeon Overview and Level Annotations

Branches:
Dungeon (11/15)            Temple (0/1) D:7            Lair (6/6) D:9
 Shoals (0/4) Lair:4       Spider (0/4) Lair:2        Slime (0/5) Lair:6
    Orc (2/2) D:11            Elf (0/3) Orc:2

Altars:
Cheibriados
Dithmenos
Elyvilon
Hepliaklqana
Kikubaaqudgha
Okawaru
Qazlal
Sif Muna
Trog
Uskayaw
Vehumet
Wu Jian
Xom
The Shining One
Beogh

Shops:
D:7 *   D:9 ?   Orc:2 :

Annotations:
D:3 Sigmund
D:7 1 runed door
D:9 2 transporters, SaintSock's ghost, journeyman GrEE
Lair:6 exclusion: 2 oklob plants


Innate Abilities, Weirdness & Mutations

You have a pair of large antennae on your head. (SInv)
A weak demonic guardian rushes to your aid.
You sometimes gain a little power by taking damage.
When seriously injured, your bleeding wounds create thick armour. (AC +9)
Your skin changes colour to match your surroundings (Stealth+).
Your flesh is heat resistant. (rF+)
You occasionally shout uncontrollably at your foes.
You are resistant to electric shocks. (rElec)
Your spells are a little harder to cast, but a little more powerful.


Message History

The orc hits your iron imp with a club.
Your iron imp hits the orc warlord but does no damage.
Your ring mail prevents you from hitting the orc warlord.
The orc warlord is lightly wounded.
Your quasit bites the orc warlord but does no damage.
Your quasit claws the orc warlord but does no damage. x2
The orc warrior hits you from afar with a halberd!!
You focus on the pain.
You feel your power returning.
Your orc warrior skeleton closely misses the orc warlord.
The orc priest casts a cantrip, but nothing happens.
You hit the orc warlord but do no damage.
The orc warlord is lightly wounded.
The orc warrior hits you from afar with a glaive!
* * * LOW HITPOINT WARNING * * *
You focus on the pain.
You feel very mighty all of a sudden. The orc hits your iron imp with a club.
The orc warlord hits you with a great sword of flaming!!
You die...
Kikubaaqudgha rasps: "You have failed me!
Welcome... death!"

.{ .(#.#................#
..##........#..##.._.....
....#.......##.#.....)#..
#..................())#(.
.......∩........)###[....
...#..(....>............
......o.............#'###
......o5#Z........)##Z..#
.....ooo@Z.........#.....
......o5ZZ.).......#.....
........Z()))......#.._..
............(......##...#
....................#####
........................
........#..............#
........................
.......................


You could see an orc warlord, 2 orc warriors, an orc priest, 2 orcs, a friendly
iron imp, a friendly quasit, 2 friendly orc zombies, a friendly orc warrior
zombie, a friendly orc knight zombie and a friendly orc warrior skeleton.

Vanquished Creatures
  An orc warlord (Orc:1)
  A frost giant (IceCv)
  Fannar (Lair:2)
  3 hydras
  3 death yaks
  A catoblepas (Lair:6)
  Erica (D:9)
  A two-headed ogre (D:11)
  A large abomination (Abyss:1)
  Nergalle (Lair:3)
  A wretched star (Abyss:1)
  An ugly thing (D:11)
  An orc knight (Orc:2)
  An orc sorcerer (Orc:2)
  A cyclops (D:11)
  2 centaur zombies (D:10)
  5 elephants
  A black mamba (Lair:1)
  7 gargoyles
  Psyche (D:11)
  Joseph (Lair:1)
  An ice statue (IceCv)
  5 rime drakes
  4 komodo dragons
  9 spiny frogs
  15 polar bears
  4 trolls
  3 raiju (Abyss:1)
  2 hippogriffs
  6 blink frogs
  2 redbacks (Lair:2)
  42 yaks
  3 fire bats (Lair:3)
  Grum (D:8)
  2 hungry ghosts
  A warg (Orc:2)
  Edmund (D:6)
  A two-headed ogre zombie (D:11)
  9 porcupines
  7 water moccasins
  A sky beast (D:9)
  18 orc warriors
  5 ice beasts
  2 black bears (Lair:6)
  2 necrophages (D:10)
  3 phantoms
  18 wolves
  4 ogres
  3 centaurs
  5 crocodiles
  2 big kobolds (D:10)
  7 bullfrogs
  4 scorpions
  A troll zombie (D:11)
  4 killer bees
  A water moccasin skeleton (D:10)
  A small abomination (Abyss:1)
  10 wights
  A howler monkey (D:9)
  2 crimson imps (D:9)
  4 bullfrog zombies
  A quasit (D:7)
  6 hounds
  A bullfrog skeleton (D:6)
  A centaur skeleton (D:11)
  11 orc priests
  3 jellies
  18 orc wizards
  An iguana (D:6)
  Ijyb (D:3)
  2 worker ants
  5 ogre zombies (D:11)
  A howler monkey zombie (D:10)
  2 worker ant zombies
  7 adders
  2 oozes
  An adder skeleton (D:9)
  4 worms
  3 dart slugs
  10 leopard geckos
  47 orcs
  7 bats
  6 giant cockroaches
  6 goblins
  8 hobgoblins
  2 jackals
  20 kobolds
  3 quokkas
  3 ball pythons
  A frilled lizard (D:2)
  A goblin skeleton (D:11)
  2 goblin zombies (D:11)
  A hobgoblin skeleton (D:11)
  A hobgoblin zombie (D:11)
  An orc skeleton (D:11)
  17 orc zombies (D:11)
  A quokka zombie (D:7)
  12 rats
471 creatures vanquished.

Vanquished Creatures (collateral kills)
  A dire elephant (Lair:6)
  2 hydras (Lair:6)
  A deep troll shaman (Lair:6)
  4 death yaks
  Urug (Lair:2)
  Sonja (Lair:5)
  An orc sorcerer (Orc:2)
  3 oklob plants (Lair:4)
  6 elephants
  A black mamba (Lair:4)
  8 spiny frogs
  A komodo dragon (Lair:2)
  2 rime drakes
  A troll (D:8)
  2 polar bears (IceCv)
  4 hippogriffs
  2 blink frogs (Lair:5)
  A basilisk (Lair:6)
  2 wyverns
  6 yaks
  3 water moccasins (Lair:6)
  5 porcupines
  A phantom (D:7)
  A sky beast (D:7)
  4 wolves
  An ogre (Orc:2)
  5 crocodiles
  8 bullfrogs
  A wyvern zombie (D:6)
  A wyvern skeleton (D:10)
  3 scorpions
  6 killer bees
  A crimson imp (D:7)
  A bullfrog zombie (D:5)
  2 orc priests
  A centaur skeleton (D:9)
  2 orc wizards
  An ogre zombie (D:11)
  4 adders
  A shadow imp (D:9)
  2 leopard geckos
  16 orcs
  A ball python (D:6)
  A hobgoblin (D:2)
  3 jackals
  A bat (D:1)
  A goblin (D:1)
  A kobold (D:9)
  An orc skeleton (D:11)
  An orc zombie (D:11)
  2 rats
  4 fungi
  5 plants
141 creatures vanquished.

Vanquished Creatures (others)
  A polar bear (IceCv)
  A chaos spawn (Abyss:1)
  3 wolves (IceCv)
  An orc wizard (Orc:2)
  A giant cockroach (D:5)
  A jackal (D:5)
  7 fungi (Lair:5)
  14 plants
29 creatures vanquished.

Grand Total: 641 creatures vanquished

Notes
Turn   | Place    | Note
-------+----------+-------------------------------------------
     0 | D:1      | PikkenKukken the Demonspawn Necromancer began the quest for
                  | the Orb.
     0 | D:1      | Reached XP level 1. HP: 13/13 MP: 3/3
    43 | D:1      | Learned a level 1 spell: Animate Skeleton
   784 | D:1      | Reached skill level 5 in Necromancy
   784 | D:1      | Gained mutation: When seriously injured, your bleeding
                  | wounds create armour. (AC +9) [demonic ancestry]
   784 | D:1      | Reached XP level 2. HP: 16/19 MP: 3/5
  1707 | D:1      | Gained mutation: A weak demonic guardian rushes to your
                  | aid. [demonic ancestry]
  1707 | D:1      | Reached XP level 3. HP: 24/24 MP: 6/6
  2024 | D:2      | Learned a level 3 spell: Vampiric Draining
  2407 | D:2      | Reached skill level 6 in Necromancy
  3085 | D:2      | Reached XP level 4. HP: 24/30 MP: 7/7
  3192 | D:2      | Found a white marble altar of Elyvilon.
  3687 | D:3      | Noticed a centaur
  4057 | D:3      | Noticed Sigmund
  4226 | D:3      | Reached skill level 1 in Fighting
  4226 | D:3      | Reached skill level 1 in Armour
  4226 | D:3      | Reached XP level 5. HP: 24/37 MP: 1/8
  4298 | D:3      | Found a faded altar of an unknown god.
  4397 | D:3      | Learned a level 3 spell: Regeneration
  4405 | D:3      | Noticed Ijyb
  4441 | D:3      | Killed Ijyb
  4541 | D:3      | Killed a centaur
  4822 | D:3      | Gained mutation: You have a pair of small antennae on your
                  | head. [demonic ancestry]
  4822 | D:3      | Reached XP level 6. HP: 40/44 MP: 10/10
  4889 | D:3      | Gained mutation: You occasionally shout uncontrollably at
                  | your foes. [potion of mutation]
  4889 | D:3      | Gained mutation: Your mind is acute. (Int +2) [potion of
                  | mutation]
  4890 | D:3      | Lost mutation: Your mind is acute. (Int +2) [potion of
                  | mutation]
  4890 | D:3      | Gained mutation: You passively map a small area around you.
                  | [potion of mutation]
  4890 | D:3      | Gained mutation: Armour fits poorly on your strangely
                  | shaped body. [potion of mutation]
  4890 | D:3      | Gained mutation: Your mind is acute. (Int +2) [potion of
                  | mutation]
  4890 | D:3      | Gained mutation: You expend magic power (3 MP) to
                  | strengthen your wands. [potion of mutation]
  5141 | D:4      | Found an iron altar of Okawaru.
  5142 | D:4      | Found a snail-covered altar of Cheibriados.
  5144 | D:4      | Found a glowing golden altar of the Shining One.
  5148 | D:4      | Found a shimmering altar of Xom.
  5149 | D:4      | Found a stormy altar of Qazlal.
  5149 | D:4      | Found a deep blue altar of Sif Muna.
  5149 | D:4      | Found a radiant altar of Vehumet.
  5153 | D:4      | Found an ornate altar of the Wu Jian Council.
  5705 | D:4      | Got a scintillating brass ring
  5706 | D:4      | Identified a ring of Rycim {rElec MR+ Stlth+} (You found it
                  | on level 4 of the Dungeon)
  6016 | D:5      | Entered Level 5 of the Dungeon
  6093 | D:5      | Found a hide-covered altar of Uskayaw.
  6194 | D:5      | Noticed a yak
  6194 | D:5      | Noticed a yak
  6219 | D:5      | Gained mutation: You sometimes gain a little power by
                  | taking damage. [demonic ancestry]
  6219 | D:5      | Reached XP level 7. HP: 51/51 MP: 11/11
  6235 | D:5      | Noticed a yak
  6252 | D:5      | Noticed a yak
  6312 | D:4      | Killed a yak
  6399 | D:4      | Killed a yak
  6505 | D:4      | Killed a yak
  6823 | D:4      | Killed a yak
  7032 | D:5      | Found a bloodstained altar of Trog.
  7037 | D:5      | Lost mutation: Your mind is acute. (Int +2) [potion of
                  | mutation]
  7037 | D:5      | Gained mutation: Your skin changes colour to match your
                  | surroundings (Stealth+). [potion of mutation]
  7037 | D:5      | Gained mutation: Your flesh is heat resistant. (rF+)
                  | [potion of mutation]
  7082 | D:5      | Gained mutation: When seriously injured, your bleeding
                  | wounds create thick armour. (AC +9) [demonic ancestry]
  7082 | D:5      | Reached XP level 8. HP: 53/58 MP: 3/13
  7311 | D:5      | Found a hazy altar of Hepliaklqana.
  7417 | D:5      | Learned a level 4 spell: Animate Dead
  8402 | D:6      | Reached skill level 5 in Spellcasting
  8403 | D:6      | Reached skill level 7 in Necromancy
  8868 | D:6      | Reached skill level 1 in Staves
  8967 | D:6      | Found an ancient bone altar of Kikubaaqudgha.
  8974 | D:6      | Became a worshipper of Kikubaaqudgha
  9223 | D:6      | Noticed Edmund
  9241 | D:6      | Killed Edmund
  9241 | D:6      | Gained mutation: You have a pair of antennae on your head.
                  | [demonic ancestry]
  9241 | D:6      | Reached XP level 9. HP: 35/65 MP: 13/17
  9558 | D:7      | Found a staircase to the Ecumenical Temple.
  9560 | D:7      | Reached skill level 8 in Necromancy
  9759 | D:7      | Found the +2 shield of Resistance {rF+ rC+ MR+}
  9772 | D:7      | Found Nuzxiz's General Store.
  9861 | D:7      | Found a flagged portal.
  9929 | D:7      | Reached skill level 1 in Shields
 10293 | D:7      | Found a shadowy altar of Dithmenos.
 10476 | D:7      | Found a runed door.
 10639 | D:8      | Noticed Psyche
 10708 | D:8      | Reached * piety under Kikubaaqudgha
 10708 | D:8      | Identified Kikubaaqudgha's Collected Works on Sinister Arts
                  | (Kikubaaqudgha gifted it to you on level 8 of the Dungeon)
 10708 | D:8      | Received a gift from Kikubaaqudgha
 11583 | D:8      | Noticed Grum
 11643 | D:8      | Noticed a troll
 11643 | D:8      | Noticed a troll
 11647 | D:8      | Killed Grum
 11647 | D:8      | Reached skill level 5 in Shields
 11771 | D:8      | Killed a troll
 11795 | D:8      | Reached XP level 10. HP: 43/73 MP: 14/19
 11991 | D:8      | Reached skill level 1 in Maces & Flails
 12290 | D:9      | Found Sizehuz's Magic Scroll Emporium.
 12598 | D:9      | Noticed SaintSock's ghost (journeyman GrEE)
 12792 | D:9      | Reached skill level 5 in Stealth
 12796 | D:9      | Reached ** piety under Kikubaaqudgha
 12823 | D:9      | Found a flagged portal.
 12834 | Bailey   | Entered a bailey
 13017 | D:9      | Found a transporter.
 13114 | D:9      | Found a staircase to the Lair.
 13164 | D:9      | Noticed Erica
 13198 | D:9      | Killed Erica
 13477 | D:9      | Found a transporter.
 13596 | D:10     | Entered Level 10 of the Dungeon
 13625 | D:10     | Noticed a gargoyle
 13810 | Lair:1   | Entered Level 1 of the Lair of Beasts
 13831 | Lair:1   | Noticed Joseph
 13894 | Lair:1   | Killed Joseph
 14136 | Lair:1   | Reached skill level 5 in Maces & Flails
 14277 | Lair:1   | Noticed an eight-headed hydra
 14319 | Lair:1   | Killed an eight-headed hydra
 14353 | Lair:1   | Noticed a spiny frog
 14360 | Lair:1   | Killed a spiny frog
 14451 | Lair:1   | Noticed a black mamba
 14478 | Lair:1   | Killed a black mamba
 14478 | Lair:1   | Reached XP level 11. HP: 63/78 MP: 7/20
 15042 | Lair:2   | Reached skill level 5 in Armour
 15042 | Lair:2   | Reached skill level 5 in Dodging
 15105 | Lair:2   | Noticed Urug
 15280 | Lair:2   | Killed Urug
 15401 | Lair:2   | Noticed Fannar
 15435 | Lair:2   | Killed Fannar
 15723 | Lair:2   | Found a hole to the Spider Nest.
 15993 | Lair:3   | Found a dark tunnel.
 16017 | Volcano  | Entered a volcano
 16032 | Volcano  | Noticed a hell hog
 16231 | Lair:3   | Lost mutation: You expend magic power (3 MP) to strengthen
                  | your wands. [potion of mutation]
 16231 | Lair:3   | Lost mutation: Armour fits poorly on your strangely shaped
                  | body. [potion of mutation]
 16231 | Lair:3   | Lost mutation: You passively map a small area around you.
                  | [potion of mutation]
 16231 | Lair:3   | Gained mutation: Your spells are a little harder to cast,
                  | but a little more powerful. [potion of mutation]
 16231 | Lair:3   | Gained mutation: You are resistant to electric shocks.
                  | (rElec) [potion of mutation]
 16310 | Lair:3   | Noticed Nergalle
 16332 | Lair:3   | Killed Nergalle
 16862 | Lair:4   | Reached skill level 9 in Necromancy
 16873 | Lair:4   | Noticed an oklob plant
 16913 | Lair:4   | Reached *** piety under Kikubaaqudgha
 16913 | Lair:4   | Identified Kikubaaqudgha's Handbook of Evil Rites
                  | (Kikubaaqudgha gifted it to you on level 4 of the Lair of
                  | Beasts)
 16913 | Lair:4   | Received a gift from Kikubaaqudgha
 16964 | Lair:4   | Found a staircase to the Shoals.
 17014 | Lair:4   | Reached XP level 12. HP: 76/84 MP: 20/24
 17204 | Lair:4   | Reached skill level 10 in Necromancy
 17828 | Lair:4   | Identified Posusy's Reference Book on Displacement and
                  | Changing
 18451 | Lair:5   | Noticed a five-headed hydra
 18471 | Lair:5   | Killed a five-headed hydra
 18528 | Lair:5   | Reached skill level 1 in Charms
 18699 | Lair:5   | Noticed Sonja
 18711 | Lair:5   | Killed Sonja
 18761 | Lair:5   | Noticed a six-headed hydra
 18775 | Lair:5   | Killed a six-headed hydra
 19276 | Lair:6   | Entered Level 6 of the Lair of Beasts
 19313 | Lair:6   | Reached **** piety under Kikubaaqudgha
 19482 | Lair:6   | Reached skill level 11 in Necromancy
 19519 | Lair:6   | Noticed a six-headed hydra
 19741 | Lair:6   | Found a staircase to the Slime Pits.
 19852 | Lair:6   | Reached skill level 10 in Maces & Flails
 19888 | Lair:6   | Noticed a seven-headed hydra
 19966 | Lair:6   | Killed a seven-headed hydra
 20050 | Lair:6   | Killed a six-headed hydra
 20050 | Lair:6   | Reached XP level 13. HP: 88/90 MP: 25/25
 20055 | Lair:6   | Found the +3 pair of gauntlets of War {Slay+5}
 21044 | Lair:6   | Reached skill level 12 in Necromancy
 21545 | Lair:6   | Noticed a dire elephant
 21615 | Lair:6   | Reached skill level 5 in Fighting
 21840 | Lair:6   | Killed a dire elephant
 22123 | D:9      | Learned a level 5 spell: Dispel Undead
 22761 | D:10     | Cast into level 1 of the Abyss (kobold)
 22996 | Abyss:1  | Noticed a green draconian stormcaller
 23004 | Abyss:1  | Noticed a shadow dragon
 23176 | D:10     | Escaped the Abyss
 23518 | D:10     | Reached ***** piety under Kikubaaqudgha
 23885 | D:11     | Killed Psyche
 24166 | D:11     | Found a staircase to the Orcish Mines.
 24231 | D:11     | Found a frozen archway.
 24243 | IceCv    | Entered an ice cave
 24728 | IceCv    | Gained mutation: You have a pair of large antennae on your
                  | head. (SInv) [demonic ancestry]
 24728 | IceCv    | Reached XP level 14. HP: 57/105 MP: 26/26
 24843 | IceCv    | Noticed a frost giant
 24861 | IceCv    | Killed a frost giant
 24938 | IceCv    | Identified Piozyl's Reference Book on the Snowflakes
 25459 | D:11     | Got a shimmering tin amulet
 25460 | D:11     | Identified the amulet "Juetim" {Acrobat rElec rN+++ Str-5
                  | Dex-4} (You found it on level 11 of the Dungeon)
 25840 | Orc:1    | Entered Level 1 of the Orcish Mines
 25867 | Orc:1    | Reached ****** piety under Kikubaaqudgha
 25941 | Orc:2    | Entered Level 2 of the Orcish Mines
 26095 | Orc:2    | Found a roughly hewn altar of Beogh.
 26124 | Orc:2    | Found a staircase to the Elven Halls.
 26132 | Orc:2    | Found a roughly hewn altar of Beogh.
 26209 | Orc:2    | Found a roughly hewn altar of Beogh.
 26258 | Orc:2    | Noticed an orc warlord
 26436 | Orc:1    | Killed an orc warlord
 26791 | Orc:2    | Found Qyekk's Book Boutique.
 26819 | Orc:2    | Noticed an orc warlord
 26830 | Orc:2    | Slain by an orc warlord

Skill      XL: |  1  2  3  4  5  6  7  8  9 10 11 12 13 14 |
---------------+-------------------------------------------+-----
Necromancy     | 5 6 7 8 9 11 12 | 12.0
Dodging        | 2 3 4 6 7 8 |  8.0
Stealth        | 2 3 4 6 |  6.0
Fighting       | 1 2 3 4 8 9 |  9.2
Armour         | 1 2 3 4 6 7 |  7.9
Spellcasting   | 3 5 6 8 |  8.2
Staves         | 1 3 |  3.2
Shields        | 5 6 |  6.0
Maces & Flails | 6 10 11 | 11.5
Charms         | 1 |  1.0

Action                   |  1- 3 |  4- 6 |  7- 9 | 10-12 | 13-15 || total
-------------------------+-------+-------+-------+-------+-------++-------
Melee: Hand axe          |    61 |   141 |   117 |       |       ||   319
       Quarterstaff      |       |       |   182 |       |       ||   182
       Flail             |       |       |    59 |   745 |  1204 ||  2008
 Fire: Hunting sling     |   107 |    69 |    34 |       |       ||   210
       Blowgun           |       |     1 |    37 |    98 |       ||   136
 Cast: Pain              |    12 |       |       |       |       ||    12
       Animate Skeleton  |    25 |    20 |    11 |    44 |    15 ||   115
       Vampiric Draining |     3 |    22 |    41 |    77 |     2 ||   145
       Regeneration      |       |     1 |     9 |    18 |    10 ||    38
       Animate Dead      |       |       |     6 |    28 |    32 ||    66
       Dispel Undead     |       |       |       |       |    18 ||    18
Invok: Receive Corpses   |       |       |       |     9 |     4 ||    13
Evoke: Wand              |       |       |       |    16 |       ||    16
  Use: Scroll            |     2 |     9 |     9 |    14 |     4 ||    38
       Potion            |       |     2 |     2 |     3 |     4 ||    11
 Stab: Sleeping          |     4 |     1 |     5 |     2 |     8 ||    20
       Distracted        |       |     1 |     3 |    13 |    14 ||    31
       Petrified         |       |       |       |       |     5 ||     5
  Eat: Chunk             |     7 |    13 |     9 |    24 |    18 ||    71
       Ration            |       |       |     4 |     3 |     4 ||    11
Armor: Robe              |    38 |    54 |    71 |       |       ||   163
       Ring mail         |       |       |    64 |   292 |   401 ||   757
       Leather armour    |       |       |       |    20 |       ||    20
Dodge: Dodged            |    82 |   123 |   317 |   488 |   658 ||  1668
Block: Buckler           |       |       |    30 |   299 |   390 ||   719
